 Dungeon Crawl Stone Soup version 0.26-a0-660-gc07710193c (webtiles) character file.

Game seed: 3507931242726012279

545678 dickylongcocking the Axe Maniac (level 24, -21/208 (210) HPs)
             Began as a Minotaur Gladiator on Oct 6, 2020.
             Was the Champion of Wu Jian.
             Demolished by an enormous slime creature (64 damage)
             ... on level 2 of the Pits of Slime.
             The game lasted 01:30:00 (68019 turns).

dickylongcocking the Axe Maniac (MiGl)             Turns: 68019, Time: 01:30:01

HP:   -21/208 (210) AC: 32    Str: 29    XL:     24   Next: 28%
MP:   6/7           EV: 22    Int:  5    God:    Wu Jian [******]
Gold: 1779          SH:  0    Dex: 14    Spells: 22/23 levels left

rFire    + . .     SeeInvis .   G - +9 executioner's axe (antimagic)
rCold    + . .     Faith    .   (shield currently unavailable)
rNeg     + . .     Spirit   .   o - +12 gold dragon scales
rPois    +         Reflect  .   Z - +2 hat {MR+}
rElec    .         Harm     .   j - +2 cloak {rCorr}
rCorr    +         Rampage  .   J - +2 pair of gloves
MR       ++...                  r - +2 pair of boots {run}
Stlth    ..........             H - macabre finger necklace {rN+}
HPRegen  0.44/turn              l - +4 ring of evasion
MPRegen  0.10/turn              F - +4 ring of slaying
                                C - +4 ring of evasion

@: corroded, quick
A: retaliatory headbutt, horns 2, deformed body, deterioration 1, frail 1,
screaming 1, subdued magic 1
}: 4/15 runes: decaying, serpentine, slimy, silver
a: Wall Jump, Serpent's Lash, Heavenly Storm, Renounce Religion


You were on level 2 of the Pits of Slime.
You worshipped Wu Jian.
Wu Jian was exalted by your worship.
You visited 9 branches of the dungeon, and saw 45 of its levels.
You visited the Abyss 1 time.
You also visited: Sewer, Ossuary, Bailey, Gauntlet, Ice Cave and Desolation.

You collected 6909 gold pieces.
You spent 5130 gold pieces at shops.

Inventory:

Hand Weapons
 G - a +9 antimagic executioner's axe (weapon)
 N - the +11 arbalest of Nienusm {elec, rElec SInv}
   (You found it in the Desolation of Salt)

   It charges the ammunition it shoots with electricity; occasionally upon a
   hit, such missiles may discharge and cause terrible harm.
   It insulates you from electricity.
   It lets you see invisible.
Missiles
 d - 5 throwing nets (quivered)
 n - 1211 bolts
Armour
 j - a +2 cloak of preservation (worn)
 o - +12 gold dragon scales (worn)
 r - a +2 pair of boots of running (worn)
 J - a +2 pair of gloves (worn)
 Z - a +2 hat of magic resistance (worn)
Jewellery
 f - a +4 ring of protection
 k - a +4 ring of protection
 l - a +4 ring of evasion (left hand)
 C - a +4 ring of evasion (on amulet)
 D - an uncursed amulet of magic regeneration {unknown}
 F - a +4 ring of slaying (right hand)
 H - the macabre finger necklace (around neck) {rN+}
   (You found it in the Desolation of Salt)

   [amulet of nothing]

   It protects you from negative energy.
 K - a +6 ring of dexterity
 L - a +6 ring of strength {unknown}
 T - an uncursed ring of protection from magic
Wands
 c - a wand of flame (37)
 s - a wand of acid (5)
 v - a wand of disintegration (27)
 Q - a wand of paralysis (22)
 R - a wand of iceblast (40)
 U - a wand of digging (18)
 V - a wand of enslavement (15)
Scrolls
 i - 4 scrolls of enchant armour
 p - 2 scrolls of magic mapping
 q - 14 scrolls of identify
 t - a scroll of enchant weapon
 w - 8 scrolls of fog
 x - 14 scrolls of teleportation
 y - 14 scrolls of remove curse
 B - 3 scrolls of fear
 I - a scroll of blinking
 X - 4 scrolls of holy word
Potions
 b - 6 potions of berserk rage
 e - 5 potions of cancellation
 g - 6 potions of magic
 h - 14 potions of curing
 m - a potion of ambrosia
 u - 9 potions of stabbing
 z - 6 potions of haste
 A - 9 potions of might
 E - 6 potions of mutation
 O - 4 potions of flight
 W - 4 potions of resistance
Miscellaneous
 a - a condenser vane (2/2)
 M - a phantom mirror
 P - a lightning rod (4/4)
 Y - a box of beasts (3/3)


   Skills:
 * Level 22.8 Fighting
 O Level 27 Axes
 + Level 20.9 Crossbows
 - Level 2.0 Throwing
 * Level 16.5 Armour
 - Level 16.1 Dodging
   Level 4.0 Shields
 - Level 13.5 Evocations


You had 22 spell levels left.
You knew the following spells:

 Your Spells              Type           Power        Failure   Level
a - Apportation           Tloc           #.....       100%        1

Your spell library contained the following spells:

 Spells                   Type           Power        Failure   Level
 Animate Skeleton         Necr           #.....       100%        1
 Beastly Appendage        Tmut           #.....       100%        1
 Corona                   Hex            #......      100%        1
 Foxfire                  Conj/Fire      #...         100%        1
 Freeze                   Ice            #...         100%        1
 Pain                     Necr           #...         100%        1
 Sandblast                Erth           #.....       100%        1
 Shock                    Conj/Air       #...         100%        1
 Sting                    Tmut/Pois      #...         100%        1
 Summon Small Mammal      Summ           #...         100%        1
 Corpse Rot               Necr/Air       N/A          100%        2
 Passwall                 Tmut/Erth      #.......     100%        2
 Poisonous Vapours        Pois/Air       #.....       100%        2
 Sublimation of Blood     Necr           #.........   100%        2
 Swiftness                Air            #.......     100%        2
 Wereblood                Tmut           #.......     100%        2
 Confusing Touch          Hex            #.......     100%        3
 Conjure Flame            Conj/Fire      #.......     100%        3
 Frozen Ramparts          Ice            #.....       100%        3
 Gell's Gravitas          Tloc           #.........   100%        3
 Ignite Poison            Fire/Tmut/Pois #.......     100%        3
 Inner Flame              Hex/Fire       #.......     100%        3
 Mephitic Cloud           Conj/Pois/Air  #.......     100%        3
 Ozocubu's Armour         Ice            #.......     100%        3
 Static Discharge         Conj/Air       #.......     100%        3
 Stone Arrow              Conj/Erth      #.....       100%        3
 Summon Guardian Golem    Hex/Summ       #.......     100%        3
 Tukima's Dance           Hex            #.......     100%        3
 Vampiric Draining        Necr           #.........   100%        3
 Airstrike                Air            #.........   100%        4
 Animate Dead             Necr           #.........   100%        4
 Cause Fear               Hex            #.........   100%        4
 Fulminant Prism          Conj/Hex       #.........   100%        4
 Hailstorm                Conj/Ice       #.......     100%        4
 Olgreb's Toxic Radiance  Pois           #.......     100%        4
 Petrify                  Tmut/Erth      #.......     100%        4
 Sticky Flame             Conj/Fire      #.......     100%        4
 Summon Ice Beast         Ice/Summ       #.......     100%        4
 Agony                    Necr           #.......     100%        5
 Alistair's Intoxication  Tmut/Pois      #........    100%        5
 Fireball                 Conj/Fire      #.........   100%        5
 Irradiate                Conj/Tmut      #.........   100%        5
 Lee's Rapid Deconstruct  Erth           #.........   100%        5
 Lightning Bolt           Conj/Air       #.........   100%        5
 Metabolic Englaciation   Hex/Ice        #.........   100%        5
 Silence                  Hex/Air        #.........   100%        5
 Summon Forest            Summ/Tloc      #.........   100%        5
 Yara's Violent Unravell  Hex/Tmut       #.........   100%        5
 Eringya's Noxious Bog    Tmut/Pois      #.........   100%        6
 Freezing Cloud           Conj/Ice/Air   #.........   100%        6
 Hydra Form               Tmut           #.........   100%        6
 Statue Form              Tmut/Erth      #........    100%        6
 Dragon Form              Tmut           #.........   100%        7
 Malign Gateway           Summ/Tloc      #.........   100%        7
 Orb of Destruction       Conj           #.........   100%        7
 Spellforged Servitor     Conj/Summ      #.........   100%        7
 Summon Hydra             Summ           #.........   100%        7
 Discord                  Hex            #.........   100%        8
 Ignition                 Fire           #.........   100%        8
 Dragon's Call            Summ           #.........   100%        9
 Shatter                  Erth           #.........   100%        9
 Tornado                  Air            #.........   100%        9


Dungeon Overview and Level Annotations

Branches:
Dungeon (15/15)            Temple (0/1) D:6            Lair (6/6) D:8
  Swamp (4/4) Lair:3        Snake (4/4) Lair:3        Slime (5/5) Lair:5
    Orc (2/2) D:12            Elf (3/3) Orc:2        Vaults (5/5) D:13
  Crypt (0/3) Vaults:3     Depths (1/5) D:15          Sewer (visited)
Ossuary (visited)          Bailey (visited)           IceCv (visited)
Desolation (visited)      Gauntlet (visited)

Altars:
Ashenzari
Cheibriados
Dithmenos
Elyvilon
Gozag
Hepliaklqana
Kikubaaqudgha
Makhleb
Nemelex Xobeh
Okawaru
Qazlal
Sif Muna
Wu Jian
Xom
Yredelemnul
Zin
Jiyva

Shops:
D:6 !   D:10 [   D:13 ?   Orc:2 =([}   Elf:3 *}}[(   Snake:1 =   Snake:3 *
Vaults:3 !   Vaults:5 =[:*

Annotations:
D:6 2 transporters, grandjackal's ghost, novice OpEE
Swamp:3 1 runed translucent door, droidtality's ghost, adept DDFi
Snake:1 3 runed translucent doors, exclusion: obsidian statue, Zenkrye's ghost, adept OgTm


Innate Abilities, Weirdness & Mutations

You reflexively headbutt those who attack you in melee.
You have a pair of horns on your head.
Armour fits poorly on your strangely shaped body.
Your body sometimes deteriorates upon taking damage.
You are frail. (-10% HP)
You occasionally shout uncontrollably at your foes.
Your spells are a little easier to cast, but a little less powerful.


Message History

You barely miss the acid blob. You headbutt the acid blob.
The acid blob is severely wounded.
The acid blob completely misses you. You furiously retaliate!
You headbutt the acid blob.
A slime creature comes into view.
Unknown command.
You slice the acid blob like a ripe choko!!!
You kill the acid blob!
The Council accepts your kill.
Two slime creatures merge to form an enormous slime creature.
You lunge at the eye of draining, in a flurry of attacks.
You cut the eye of draining into ribbons!!!
You kill the eye of draining!
The Council accepts your kill.
You lunge at the enormous slime creature.
You hit the enormous slime creature.
You headbutt the enormous slime creature.
The enormous slime creature is lightly wounded.
The enormous slime creature hits you!!!
You die...

#.... .....## ##
.......## ## #.#
#......## #.##...
.......##....#.#
#.............
#.............
##.............
#.....@........
....#..>..J.......
..........J.......
........#........#
.#..............##
#........#.#....#
#.........##.....#
##.##...... ......
## .... .. ..


You could see an enormous slime creature and a slime creature.

Vanquished Creatures
  the Royal Jelly (Slime:5)
  Bai Suzhen (Swamp:3)
  Vashnia (Snake:3)
  the Lernaean hydra (Swamp:4)
  2 golden dragons (Vaults:5)
  Nikola (Vaults:2)
  A bone dragon (Abyss:3)
  Jorgrun (Snake:1)
  2 deep elf master archers (Elf:3)
  5 titans
  3 deep elf blademasters
  2 sphinxes
  21 acid blobs
  The ghost of grandjackal the Wallflower, an adept DsGl of Uskayaw (Snake:3)
  3 thorn hunters
  4 storm dragons
  7 shadow dragons (Vaults:5)
  6 nagarajas (Snake:4)
  8 tengu reavers
  Donald (Vaults:1)
  8 azure jellies
  5 fire giants
  Roxanne (Swamp:2)
  5 frost giants
  An iron dragon (Vaults:5)
  6 deep elf sorcerers
  22 vault wardens
  Aizul (Snake:1)
  Louise (Swamp:4)
  10 deep elf elementalists
  An orc warlord (Bailey)
  A reaper (Abyss:3)
  8 very ugly things
  16 ironheart preservers
  An entropy weaver (shapeshifter) (Vaults:5)
  2 war gargoyles
  3 entropy weavers
  3 deep elf demonologists
  10 stone giants
  10 deep elf annihilators
  A minotaur (Gauntlet)
  15 ettins
  4 crystal guardians (Desolation)
  7 deep elf death magi
  2 blizzard demons (IceCv)
  A quicksilver dragon zombie (Abyss:3)
  3 fire dragons
  5 death oozes (Slime:5)
  Josephine (Orc:2)
  8 yaktaur captains
  2 rakshasas
  6 ragged hierophants (Desolation)
  Fannar (D:11)
  6 deep elf high priests
  8 servants of whispers (Desolation)
  35 vault guards
  6 boulder beetles
  8 great orbs of eyes
  3 centaur warriors
  16 hydras
  An ice dragon (Vaults:3)
  8 peacekeepers
  6 naga warriors
  6 ghost crabs (Swamp:2)
  6 anacondas
  6 shambling mangroves
  A death knight (Vaults:2)
  20 two-headed ogres
  31 dancing weapons
  An alligator (shapeshifter) (Vaults:5)
  A queen ant (Lair:3)
  10 alligators
  A death yak (Lair:5)
  8 ogre magi
  A death scarab (Gauntlet)
  3 hell hogs (Abyss:3)
  A deep troll shaman (Vaults:2)
  A tengu warrior (D:15)
  A thrashing horror (Abyss:3)
  13 naga sharpshooters
  4 shock serpents
  7 orc high priests
  Sonja (D:12)
  23 deep elf knights
  A shadow wraith (Vaults:2)
  3 small abominations
  6 salamander mystics
  A spatial maelstrom (Abyss:3)
  A fire crab (shapeshifter) (Elf:3)
  4 sixfirhies (Gauntlet)
  14 skeletal warriors
  An unseen horror (D:13)
  10 spriggan druids
  8 deep trolls
  3 glowing orange brains
  A flayed ghost (Vaults:2)
  8 swamp dragons (Swamp:4)
  4 necromancers
  4 phantasmal warriors
  4 naga ritualists
  2 wizards
  15 orc knights
  A lindwurm (shapeshifter) (Elf:2)
  A wolf spider zombie (D:15)
  20 deep elf archers
  6 harpies
  5 wolf spiders
  14 ironbrand convokers
  A cyclops (shapeshifter) (Vaults:5)
  4 oklob plants
  A harpy (shapeshifter) (Vaults:4)
  9 mana vipers
  7 shining eyes
  9 orc sorcerers
  65 deep elf magi
  11 cyclopes
  42 ugly things
  A manticore (shapeshifter) (Elf:2)
  11 salamanders
  A worldbinder (Abyss:3)
  2 ice statues
  5 apocalypse crabs (Swamp:2)
  6 guardian serpents
  35 black mambas
  6 elephants (Lair:5)
  A centaur zombie (D:15)
  A smoke demon (Abyss:3)
  16 cane toads
  3 gargoyles
  20 naga magi
  2 molten gargoyles (Desolation)
  2 torpor snails
  16 vault sentinels
  An eye of devastation (Slime:5)
  7 centaur skeletons
  An efreet (D:14)
  34 yaktaurs
  14 komodo dragons
  A kobold demonologist (D:14)
  9 freezing wraiths
  2 anaconda simulacra (IceCv)
  4 ice devils (IceCv)
  2 rime drakes
  A harpy zombie (D:15)
  5 trolls
  A troll (shapeshifter) (Vaults:5)
  A jumping spider (Vaults:3)
  3 meliai (D:14)
  A meliai (shapeshifter) (Vaults:2)
  12 tyrant leeches
  A wolf spider simulacrum (IceCv)
  26 hornets
  2 raiju (shapeshifter)
  A wind drake (shapeshifter) (Vaults:1)
  41 saltlings (Desolation)
  91 slime creatures
  4 raiju (Abyss:3)
  6 bog bodies
  6 blink frogs
  2 meliai zombies
  Sigmund (D:6)
  A human simulacrum (Vaults:2)
  7 dream sheep (Lair:6)
  5 flying skulls (Gauntlet)
  10 spriggans
  A spectral black mamba (Gauntlet)
  4 tarantellas
  A large abomination (Abyss:3)
  A ynoxinul (Abyss:3)
  3 redbacks
  A spriggan (shapeshifter) (D:15)
  2 air elementals (Elf:2)
  2 shadows
  A water elemental (Elf:1)
  6 basilisks
  14 wyverns
  A yak (shapeshifter) (Vaults:4)
  49 yaks
  8 wraiths
  A human (shapeshifter) (Vaults:5)
  A neqoxec (Abyss:3)
  3 dire elephant simulacra (IceCv)
  5 golden eyes
  A golden eye (shapeshifter) (Vaults:2)
  3 fire elementals
  28 vampire mosquitoes
  The ghost of Zenkrye the Chopper, an amateur DsGl (D:3)
  5 steam dragons
  6 harpy simulacra (IceCv)
  8 insubstantial wisps
  41 nagas
  5 wargs
  2 spatial vortices (Abyss:3)
  An iron troll simulacrum (IceCv)
  An acid dragon (shapeshifter) (Vaults:2)
  18 swamp worms
  3 acid dragons
  4 soldier ants (Lair:3)
  43 orc warriors
  16 water moccasins
  14 swamp drakes
  3 ettin simulacra (IceCv)
  4 ice beasts
  23 ogres
  2 phantoms
  4 eyes of draining
  4 sky beasts
  An alligator simulacrum (IceCv)
  4 starcursed masses (Abyss:3)
  12 centaurs
  20 wolves
  3 big kobolds
  An earth elemental (Elf:2)
  13 bullfrogs
  2 gnoll sergeants
  A wyvern zombie (D:8)
  An elf simulacrum (Vaults:1)
  4 scorpions
  A wyvern skeleton (D:14)
  5 killer bees (D:10)
  A swamp dragon simulacrum (IceCv)
  8 wights
  3 howler monkeys
  2 electric eels (D:8)
  3 draconian simulacra (IceCv)
  8 hounds
  3 jellies
  2 bullfrog skeletons (D:9)
  21 orc priests
  A gnoll shaman (D:9)
  37 orc wizards
  Ijyb (D:5)
  4 iguanas (Lair:6)
  26 worker ants
  A polar bear simulacrum (IceCv)
  A spriggan simulacrum (IceCv)
  2 troll simulacra (IceCv)
  A wolf simulacrum (IceCv)
  2 centaur simulacra (IceCv)
  2 hound skeletons
  3 mummies (Ossuary)
  A worker ant zombie (D:9)
  23 gnolls
  22 adders
  A howler monkey skeleton (D:7)
  A naga simulacrum (IceCv)
  5 ogre simulacra (IceCv)
  2 shadow imps (D:8)
  12 white imps
  7 ufetubi
  5 oozes
  2 adder zombies
  An adder skeleton (D:8)
  5 worms
  2 dart slugs
  7 leopard geckos
  126 orcs
  11 bats
  5 giant cockroaches
  12 goblins
  14 hobgoblins
  16 jackals
  45 kobolds
  9 quokkas
  2 ball pythons
  3 frilled lizards
  A giant cockroach zombie (D:5)
  A gnoll zombie (Ossuary)
  5 goblin zombies (Ossuary)
  A hobgoblin zombie (Ossuary)
  3 kobold zombies (Ossuary)
  An orc zombie (Ossuary)
  A quokka skeleton (D:4)
  7 rats
  3 briar patches (Swamp:2)
  3 bushes (Lair:6)
  A plant (Swamp:3)
2113 creatures vanquished.

Vanquished Creatures (collateral kills)
  Saint Roka (Vaults:3)
  2 nagarajas (Snake:4)
  A death ooze (Slime:5)
  2 hydras
  2 salamanders (Snake:2)
  A hornet (Swamp:2)
  5 nagas
  An insubstantial wisp (Swamp:2)
  An orc warrior (Orc:2)
  A swamp drake (Swamp:4)
  A bullfrog (D:14)
18 creatures vanquished.

Vanquished Creatures (others)
  A sphinx (Vaults:4)
  A deep elf sorcerer (Vaults:4)
  An orc sorcerer (Orc:2)
  2 orc warriors (Orc:2)
  2 white imps (IceCv)
  2 ufetubi (IceCv)
  2 jackals (D:9)
  A briar patch (Swamp:2)
  41 fungi
  62 plants
115 creatures vanquished.

Grand Total: 2246 creatures vanquished

Notes
Turn   | Place    | Note
-------+----------+-------------------------------------------
     0 | D:1      | dickylongcocking the Minotaur Gladiator began the quest for
                  | the Orb.
     0 | D:1      | Reached XP level 1. HP: 18/18 MP: 0/0
    21 | D:1      | Reached skill level 4 in Axes
    99 | D:1      | Reached XP level 2. HP: 25/25 MP: 1/1
   399 | D:2      | Reached skill level 5 in Axes
   399 | D:2      | Reached XP level 3. HP: 26/30 MP: 2/2
   572 | D:2      | Found an ornate altar of the Wu Jian Council.
   632 | D:2      | Became a worshipper of the Wu Jian Council
   821 | D:2      | Reached skill level 6 in Axes
   821 | D:2      | Reached XP level 4. HP: 37/37 MP: 3/3
  1498 | D:3      | Reached * piety under Wu Jian
  1505 | D:3      | Reached skill level 7 in Axes
  1505 | D:3      | Reached XP level 5. HP: 30/42 MP: 4/4
  1749 | D:3      | Reached skill level 1 in Shields
  2018 | D:3      | Found a runed translucent door.
  2019 | D:3      | Noticed Zenkrye's ghost (amateur DsGl)
  2209 | D:3      | Killed Zenkrye's ghost
  2209 | D:3      | Reached XP level 6. HP: 25/50 MP: 5/5
  2399 | D:4      | Found a sand-covered staircase.
  2415 | D:4      | Reached ** piety under Wu Jian
  2437 | Ossuary  | Entered an ossuary
  2437 | Ossuary  | Noticed a wraith
  2437 | Ossuary  | Noticed a wraith
  2437 | Ossuary  | Noticed a wraith
  2468 | Ossuary  | Reached skill level 8 in Axes
  2618 | Ossuary  | Reached skill level 1 in Armour
  2790 | Ossuary  | Noticed a wraith
  2795 | Ossuary  | Killed a wraith
  2795 | Ossuary  | Reached XP level 7. HP: 39/56 MP: 6/6
  2966 | D:4      | Found a shimmering blue altar of Sif Muna.
  2967 | D:4      | Found a white marble altar of Elyvilon.
  3590 | D:4      | Found a hazy altar of Hepliaklqana.
  3590 | D:4      | Found a shadowy altar of Dithmenos.
  3595 | D:4      | Found a sparkling altar of Nemelex Xobeh.
  3597 | D:4      | Found a faded altar of an unknown god.
  3599 | D:4      | Found a broken altar of Ashenzari.
  3762 | D:5      | Entered Level 5 of the Dungeon
  4137 | D:5      | Reached skill level 9 in Axes
  4212 | D:5      | Found a glowing drain.
  4229 | Sewer    | Entered a sewer
  4370 | Sewer    | Reached *** piety under Wu Jian
  4822 | D:5      | Noticed Ijyb
  4829 | D:5      | Killed Ijyb
  5005 | D:6      | Found a transporter.
  5036 | D:6      | Reached skill level 5 in Armour
  5118 | D:6      | Reached XP level 8. HP: 48/62 MP: 7/7
  5308 | D:6      | Found a staircase to the Ecumenical Temple.
  5311 | D:6      | Noticed Sigmund
  5330 | D:6      | Killed Sigmund
  5330 | D:6      | Reached skill level 10 in Axes
  5465 | D:6      | Found a transporter.
  5465 | D:6      | Noticed grandjackal's ghost (novice OpEE)
  5482 | D:6      | Found Kenep's Distillery.
  5486 | D:6      | Bought a potion of haste for 150 gold pieces
  6018 | D:7      | Reached **** piety under Wu Jian
  6223 | D:7      | Reached XP level 9. HP: 71/71 MP: 8/8
  6266 | D:7      | Reached skill level 11 in Axes
  6361 | D:7      | Noticed a two-headed ogre
  6604 | D:7      | Killed a two-headed ogre
  7164 | D:8      | Found a stormy altar of Qazlal.
  7361 | D:8      | Got a bloodstained plate armour
  7371 | D:8      | Identified the +4 plate armour of Generosity {*Drain +Blink
                  | Str+6 Int-4} (You found it on level 8 of the Dungeon)
  7512 | D:8      | Reached ***** piety under Wu Jian
  7512 | D:8      | Reached skill level 12 in Axes
  7611 | D:8      | Reached XP level 10. HP: 64/86 MP: 9/9
  7620 | D:8      | Found a staircase to the Lair.
  8036 | D:8      | Found a glowing silver altar of Zin.
  8037 | D:8      | Noticed an angel
  8510 | D:9      | Reached skill level 10 in Armour
  8766 | D:9      | Identified the cursed +1 chain mail "Osuinali" {MR++} (You
                  | found it on level 9 of the Dungeon)
  9346 | D:10     | Entered Level 10 of the Dungeon
  9411 | D:10     | Noticed a two-headed ogre
  9413 | D:10     | Killed a two-headed ogre
  9413 | D:10     | Reached skill level 13 in Axes
  9806 | D:10     | Found a flagged portal.
  9816 | Bailey   | Entered a bailey
  9821 | Bailey   | Noticed an orc warlord
  9879 | Bailey   | Reached XP level 11. HP: 97/97 MP: 10/10
  9895 | Bailey   | Found a runed translucent gate.
  9895 | Bailey   | Found a runed translucent gate.
  9895 | Bailey   | Found a runed translucent gate.
  9901 | Bailey   | Identified a scroll of acquirement
 10024 | Bailey   | Killed an orc warlord
 10024 | Bailey   | Reached skill level 10 in Fighting
 10047 | Bailey   | Acquired the +2 buckler of Tenacity {Rampage MR++}
 10048 | Bailey   | Acquired the amulet "Zeoraaf" {Reflect MR+ SH+5}
 10049 | Bailey   | Acquired 413 gold pieces
 10244 | D:10     | Found Jeogrud's Antique Armour Boutique.
 10771 | D:11     | Noticed Fannar
 10782 | D:11     | Killed Fannar
 10782 | D:11     | Reached skill level 14 in Axes
 11155 | D:12     | Found a staircase to the Orcish Mines.
 11160 | D:12     | Noticed a boulder beetle
 11500 | D:12     | Noticed Sonja
 11552 | D:12     | Killed Sonja
 11914 | D:12     | Killed a boulder beetle
 12481 | Orc:1    | Entered Level 1 of the Orcish Mines
 12524 | Orc:1    | Noticed an orc knight
 12749 | Orc:1    | Reached XP level 12. HP: 91/110 MP: 11/11
 13007 | Orc:2    | Entered Level 2 of the Orcish Mines
 13007 | Orc:2    | Found a staircase to the Elven Halls.
 13055 | Orc:2    | HP: 5/112 [orc warrior/+0 glaive (25)]
 13580 | Orc:2    | Noticed an orc high priest
 13581 | Orc:2    | Noticed an orc high priest
 13601 | Orc:1    | Noticed Josephine
 13601 | Orc:1    | Noticed an orc high priest
 13929 | Orc:2    | Killed Josephine
 13929 | Orc:2    | Reached skill level 15 in Axes
 13929 | Orc:2    | Reached skill level 1 in Evocations
 14550 | Orc:2    | Killed an orc high priest
 15045 | Orc:2    | Noticed an orc high priest
 15059 | Orc:2    | Killed an orc high priest
 15060 | Orc:2    | Killed an orc high priest
 15496 | Orc:2    | Found Loaledey's Gadget Shop.
 15496 | Orc:2    | Found Hiogisaq's Jewellery Emporium.
 15504 | Orc:2    | Found Lobloamuru's Weapon Emporium.
 15504 | Orc:2    | Found Hiov's Antique Armour Shop.
 15518 | Orc:2    | Bought a +0 battleaxe of venom for 166 gold pieces
 15604 | Orc:1    | Killed an orc high priest
 16653 | Lair:1   | Entered Level 1 of the Lair of Beasts
 17201 | Lair:1   | Reached XP level 13. HP: 99/122 MP: 12/12
 17723 | Lair:2   | Reached skill level 16 in Axes
 17882 | Lair:2   | Reached skill level 5 in Evocations
 19467 | Lair:3   | Found a staircase to the Swamp.
 19611 | Lair:3   | Found a staircase to the Snake Pit.
 21227 | Lair:5   | Reached skill level 17 in Axes
 21227 | Lair:5   | Reached skill level 5 in Dodging
 21271 | Lair:5   | Found a staircase to the Slime Pits.
 21277 | Lair:5   | Found a viscous altar of Jiyva.
 21414 | Lair:5   | You fall into a shaft and drop 1 floor!
 21414 | Lair:6   | Entered Level 6 of the Lair of Beasts
 21425 | Lair:6   | Reached skill level 15 in Fighting
 21457 | Lair:6   | Found a gate leading to a gauntlet.
 21466 | Gauntlet | Entered a Gauntlet
 21466 | Gauntlet | Found a transporter.
 21681 | Gauntlet | Found a transporter.
 21683 | Gauntlet | Found a transporter.
 21692 | Gauntlet | Found a transporter.
 21694 | Gauntlet | Found a transporter.
 21704 | Gauntlet | Found a transporter.
 21721 | Gauntlet | Identified the amulet "Qoqi Xiq" {Faith Int+3}
 21721 | Gauntlet | Noticed a balrug
 21723 | Gauntlet | Found a transporter.
 21730 | Gauntlet | Found a transporter.
 21737 | Gauntlet | Found a runed translucent door.
 21741 | Gauntlet | Found a transporter.
 21745 | Gauntlet | Found a transporter.
 21759 | Gauntlet | Found a transporter.
 21770 | Gauntlet | Found a transporter.
 21770 | Gauntlet | Found a transporter.
 21831 | Gauntlet | Found a transporter.
 22028 | Gauntlet | Reached XP level 14. HP: 114/135 MP: 13/13
 22142 | Gauntlet | Reached ****** piety under Wu Jian
 22188 | Gauntlet | Got a faintly glowing platinum ring
 22190 | Gauntlet | Identified the ring "Lucub" {rPois rN+ MP+9} (You found it
                  | in a Gauntlet)
 22353 | Gauntlet | Identified the +5 plate armour "Feane" {Harm Slay+3}
 23633 | Lair:6   | Acquired a +3 antimagic executioner's axe
 24029 | Lair:6   | Found a snail-covered altar of Cheibriados.
 25260 | D:13     | Found Luarch's Magic Scroll Shop.
 25266 | D:13     | Bought a scroll of acquirement for 780 gold pieces
 25266 | D:13     | Bought a scroll of enchant armour for 112 gold pieces
 25266 | D:13     | Bought a scroll of enchant armour for 112 gold pieces
 25266 | D:13     | Acquired a manual of Evocations
 25520 | D:13     | You fall into a shaft and drop 2 floors!
 25520 | D:15     | Entered Level 15 of the Dungeon
 25534 | D:15     | Reached skill level 18 in Axes
 25613 | D:15     | Learned a level 1 spell: Apportation
 26378 | D:15     | Reached XP level 15. HP: 141/145 MP: 7/14
 26586 | D:15     | Found a staircase to the Depths.
 27088 | D:14     | Reached skill level 10 in Dodging
 28393 | D:13     | Found a gate to the Vaults.
 28400 | D:13     | Got a scorched wooden ring
 28460 | D:13     | Identified the ring "Giys" {Str+6 Int+3} (You found it on
                  | level 13 of the Dungeon)
 28553 | D:14     | Found an iron altar of Okawaru.
 28597 | D:14     | Reached skill level 19 in Axes
 29146 | Snake:1  | Entered Level 1 of the Snake Pit
 29457 | Snake:1  | Noticed Aizul
 29469 | Snake:1  | Killed Aizul
 29808 | Snake:1  | Found Kecvots's Jewellery Shop.
 29990 | Snake:1  | Found a runed translucent gate.
 30006 | Snake:1  | Found a runed translucent gate.
 30007 | Snake:1  | Found a runed translucent gate.
 30010 | Snake:1  | Found an opulent altar of Gozag.
 30010 | Snake:1  | Noticed a nagaraja
 30010 | Snake:1  | Noticed Zenkrye's ghost (adept OgTm)
 30169 | Snake:1  | Noticed Jorgrun
 30182 | Snake:1  | Killed Jorgrun
 30646 | Snake:2  | Found a burning altar of Makhleb.
 31468 | Snake:2  | Reached XP level 16. HP: 107/157 MP: 8/15
 33539 | Snake:3  | Found a large runed translucent door.
 33539 | Snake:3  | Found a large runed translucent door.
 33541 | Snake:3  | Noticed grandjackal's ghost (adept DsGl)
 33561 | Snake:3  | Found Zuime's Assorted Antiques.
 33592 | Snake:3  | Bought a scroll labeled RAKLOLY GUPRE for 28 gold pieces
 33761 | Snake:3  | Killed grandjackal's ghost
 33765 | Snake:3  | Identified a +2 pair of boots of running (You found it on
                  | level 3 of the Snake Pit)
 34002 | Snake:3  | Noticed Vashnia
 34032 | Snake:3  | Killed Vashnia
 34032 | Snake:3  | Reached skill level 20 in Axes
 34032 | Snake:3  | Reached skill level 10 in Evocations
 34492 | Snake:4  | Entered Level 4 of the Snake Pit
 35597 | Snake:4  | Reached XP level 17. HP: 124/166 MP: 8/16
 36877 | Snake:4  | Got a serpentine rune of Zot
 37227 | Vaults:1 | Entered Level 1 of the Vaults
 37785 | Swamp:1  | Entered Level 1 of the Swamp
 38903 | Swamp:2  | Found a runed translucent door.
 39203 | Swamp:2  | Paralysed by you for 3 turns
 39441 | Swamp:2  | Reached skill level 21 in Axes
 39588 | Swamp:2  | Identified the Disquisition on the Nocuous Arsonist
 39597 | Swamp:2  | Noticed Roxanne
 40024 | Swamp:2  | Killed Roxanne
 40343 | Swamp:2  | Found a shimmering altar of Xom.
 40560 | Swamp:2  | You fall into a shaft and drop 1 floor!
 40666 | Swamp:3  | Found a runed translucent door.
 40671 | Swamp:3  | Noticed droidtality's ghost (adept DDFi)
 40707 | Swamp:3  | Found a frozen archway.
 40716 | IceCv    | Entered an ice cave
 40964 | IceCv    | Reached XP level 18. HP: 178/178 MP: 8/17
 42722 | Swamp:3  | Noticed Bai Suzhen
 42736 | Swamp:3  | Killed Bai Suzhen
 42960 | Swamp:4  | Entered Level 4 of the Swamp
 43090 | Swamp:4  | Noticed Louise
 43099 | Swamp:4  | Killed Louise
 43280 | Swamp:4  | Reached skill level 15 in Dodging
 43381 | Swamp:4  | Noticed the 27-headed Lernaean hydra
 43668 | Swamp:4  | Killed the 27-headed Lernaean hydra
 44085 | Swamp:4  | Got a decaying rune of Zot
 45050 | Elf:1    | Entered Level 1 of the Elven Halls
 45248 | Elf:1    | Reached skill level 22 in Axes
 45279 | Elf:1    | Found a ruined gateway.
 45466 | Desolati | Entered the Desolation of Salt
 45736 | Desolati | Got smelly quicksilver dragon scales
 45739 | Desolati | Got a crude iron ring
 45742 | Desolati | Identified the quicksilver dragon scales of the Unstoppable
                  | Hosts {rC+ rN+ MR+} (You found it in the Desolation of
                  | Salt)
 45743 | Desolati | Identified the ring of the Shining Light {Ice rPois Str+8}
                  | (You found it in the Desolation of Salt)
 45835 | Desolati | Identified the Almanac of Creative Shape Shifting
 45941 | Desolati | Reached XP level 19. HP: 188/188 MP: 9/18
 45947 | Desolati | Found the +4 robe of Augmentation {Str+4 Int+4 Dex+4}
 45949 | Desolati | Found the macabre finger necklace {rN+}
 46387 | Desolati | Identified the +3 longbow "Nuic" {flame, rF- MP+9 Int+2}
                  | (You found it in the Desolation of Salt)
 46395 | Desolati | Got a shimmering ruby amulet
 46396 | Desolati | Identified the amulet "Wiathyth" {Acrobat rPois rF+ Str+4}
                  | (You found it in the Desolation of Salt)
 46400 | Desolati | Identified the +2 cloak of Restlessness {*Drain rN+++
                  | Regen+ Int-5} (You found it in the Desolation of Salt)
 46405 | Desolati | Identified the +11 arbalest of Nienusm {elec, rElec SInv}
                  | (You found it in the Desolation of Salt)
 47164 | Elf:1    | Reached skill level 1 in Crossbows
 48645 | Elf:2    | Found a huge runed translucent gate.
 48647 | Elf:2    | Found a huge runed translucent gate.
 48647 | Elf:2    | Found a huge runed translucent gate.
 48648 | Elf:2    | Found a huge runed translucent gate.
 48648 | Elf:2    | Found a huge runed translucent gate.
 49115 | Elf:2    | Reached skill level 5 in Crossbows
 49497 | Elf:2    | Reached skill level 23 in Axes
 50282 | Elf:3    | Entered Level 3 of the Elven Halls
 50310 | Elf:3    | Found Ciheve Gylit's Antique Armour Emporium.
 50313 | Elf:3    | Bought a warped plate armour for 952 gold pieces
 50313 | Elf:3    | Identified the +10 plate armour "Zeihaxt" {MR+ Dex+2} (You
                  | bought it in a shop on level 3 of the Elven Halls)
 50333 | Elf:3    | Found Vups's Antique Weapon Shoppe.
 50489 | Elf:3    | Identified the amulet "Dauff" {Acrobat *Drain rF+ Str+3}
 50614 | Elf:3    | Identified the +11 flail of Rohocw {venom, rC++ Str-4}
 50636 | Elf:3    | Found an ancient bone altar of Kikubaaqudgha.
 50639 | Elf:3    | Reached XP level 20. HP: 90/198 MP: 9/19
 50955 | Elf:3    | Found Xeoxyirgh's Gadget Emporium.
 50960 | Elf:3    | Found Ime Puqi's Gadget Emporium.
 51094 | Elf:3    | Found Ecwykao's Assorted Antiques.
 51108 | Elf:3    | Bought a scroll of enchant weapon for 172 gold pieces
 51211 | Elf:3    | Identified the +3 battleaxe of Animal Spirits {vorpal, rC-
                  | MR++ SInv}
 51211 | Elf:3    | Identified the +2 great sword of Vystris {vorpal, rPois rC+
                  | Int+5 Dex-4}
 51234 | Elf:3    | Reached skill level 10 in Crossbows
 51246 | Elf:3    | Identified Cosaq's Lost Handbook of the Archmage
 51265 | Elf:3    | Reached skill level 24 in Axes
 51767 | Elf:3    | Identified the +2 leather armour "Yriudiy" {Str+7}
 52253 | Depths:1 | Entered Level 1 of the Depths
 52626 | Vaults:1 | Noticed Donald
 52646 | Vaults:1 | Killed Donald
 54490 | Vaults:2 | Noticed Nikola
 54498 | Vaults:2 | Killed Nikola
 54774 | Vaults:2 | Reached XP level 21. HP: 162/205 MP: 9/20
 55147 | Vaults:2 | Identified the amulet "Jyinieb" {Acrobat +Fly rElec Str+4}
                  | (You found it on level 2 of the Vaults)
 55425 | Vaults:2 | Reached skill level 25 in Axes
 56333 | Vaults:2 | Got a glittering bronze ring
 56369 | Vaults:2 | Identified the ring "Yrontadgh" {rC- MR+ Str+4} (You found
                  | it on level 2 of the Vaults)
 56540 | Vaults:3 | Noticed Saint Roka
 56562 | Vaults:3 | Killed Saint Roka
 57374 | Vaults:3 | Found Oretzy's Distillery.
 57392 | Vaults:3 | Bought a potion of heal wounds for 80 gold pieces
 57392 | Vaults:3 | Bought a potion of heal wounds for 80 gold pieces
 57392 | Vaults:3 | Bought a potion of curing for 48 gold pieces
 57392 | Vaults:3 | Bought a potion of curing for 48 gold pieces
 57392 | Vaults:3 | Bought a potion of haste for 160 gold pieces
 57392 | Vaults:3 | Bought a potion of might for 64 gold pieces
 58250 | Vaults:3 | Found a staircase to the Crypt.
 58250 | Vaults:3 | Found an ancient bone altar of Kikubaaqudgha.
 58251 | Vaults:3 | Found a basalt altar of Yredelemnul.
 58456 | Vaults:4 | Reached skill level 15 in Crossbows
 58635 | Vaults:4 | Reached skill level 26 in Axes
 58913 | Vaults:4 | Reached XP level 22. HP: 202/213 MP: 10/21
 60096 | Vaults:5 | Entered Level 5 of the Vaults
 60460 | Vaults:4 | HP: 8/213 [war gargoyle/spray of metal splinters (41)]
 61251 | Vaults:4 | Reached skill level 27 in Axes
 61923 | Vaults:5 | Cast into level 3 of the Abyss (tengu reaver)
 62167 | Vaults:5 | Escaped the Abyss
 62591 | Vaults:5 | Reached XP level 23. HP: 199/221 MP: 10/22
 62754 | Vaults:5 | Identified the Compendium of Beguiling
 62777 | Vaults:5 | Found Muasin's General Store.
 62779 | Vaults:5 | Found Qadduhit's Book Boutique.
 64515 | Vaults:5 | Found Pehair's Antique Armour Boutique.
 65416 | Vaults:5 | Found Hiloumnan's Jewellery Shop.
 65427 | Vaults:5 | Bought a +4 ring of slaying for 1170 gold pieces
 65639 | Vaults:5 | Reached skill level 15 in Armour
 65644 | Vaults:5 | Got a silver rune of Zot
 66371 | Snake:1  | Bought a +4 ring of evasion for 504 gold pieces
 66371 | Snake:1  | Bought a +4 ring of evasion for 504 gold pieces
 66500 | Slime:1  | Entered Level 1 of the Pits of Slime
 67000 | Slime:2  | Gained mutation: You occasionally shout uncontrollably at
                  | your foes. [a shining eye]
 67277 | Slime:4  | Gained mutation: Your body sometimes deteriorates upon
                  | taking damage. [a shining eye]
 67280 | Slime:4  | Gained mutation: You are frail. (-10% HP) [a shining eye]
 67282 | Slime:4  | Gained mutation: Armour fits poorly on your strangely
                  | shaped body. [a shining eye]
 67416 | Slime:4  | Gained mutation: Your spells are a little easier to cast,
                  | but a little less powerful. [a shining eye]
 67428 | Slime:4  | Reached XP level 24. HP: 100/209 MP: 7/22
 67681 | Slime:5  | Entered Level 5 of the Pits of Slime
 67729 | Slime:5  | Found a viscous altar of Jiyva.
 67730 | Slime:5  | Noticed the Royal Jelly
 67770 | Slime:5  | Killed the Royal Jelly
 67829 | Slime:5  | Found the +0 sword of Power
 67877 | Slime:5  | Got a slimy rune of Zot
 67887 | Slime:5  | Found the +6 shillelagh "Devastator" {shatter}
 67895 | Slime:5  | Got a faintly glowing emerald amulet
 67899 | Slime:5  | Identified the amulet of Liejem {RegenMP Int+6 Slay-2} (You
                  | found it on level 5 of the Pits of Slime)
 68019 | Slime:2  | Demolished by an enormous slime creature

Illustrated notes

Levels and vault maps discovered:
D:1:      minmay_arrival_up_and_down, layout_rooms
D:2:      layout_basic, nicolae_overflow_crystal_walls,
          minmay_misc_feat_ornament
D:3:      layout_rooms, ebering_ghost_inner_flame
D:4:      layout_basic, chequers_temple_overflow_statue_of_worship,
          chequers_temple_overflow_minitemple,
          lightli_ossuary_entry_decrepit_ruins, minivault_4,
          kennysheep_decorative_pillar, minmay_manual_mail
D:5:      layout_gridville, portal_sewer_entry_d, uniq_ijyb
D:6:      layout_rooms, minmay_temple_entry_stoned_glass,
          gammafunk_ghost_mausoleum, serial_shops, shop, uniq_sigmund
D:7:      layout_basic
D:8:      layout_basic, zin_angel, nicolae_qazlal_general_emergency,
          erik_lair_island, chequers_mini_garden, nicolae_two_hexagons,
          minivault_25
D:9:      layout_basic, hangedman_abyss_or_decor_clamps,
          lemuel_flamethrower_hall
D:10:     layout_roguey, enter_bailey_7, serial_shops,
          nicolae_shop_overgrown_old_shop, grunt_ministairs_15
D:11:     layout_rooms, uniq_fannar
D:12:     layout_irregular_city, erik_orc_4, uniq_sonja
D:13:     layout_loops_ring, david_vaults_4, serial_shops, shop
D:14:     layout_rooms, okawaru_ov_weapons_minmay
D:15:     grunt_enter_depths_magical_seal, layout_rooms, grunt_decor_resistance
Lair:1:   layout_cave_pods, serial_bayou_pond_a, grunt_megastairs_2
Lair:2:   layout_cave_pods, grunt_megastairs_1, minmay_lair_oklob_chamber
Lair:3:   layout_roguey, skrybe_swamp_entry_bodies, guppyfry_snake_entry_island,
          minmay_another_anthill
Lair:4:   layout_roguey, st_stairs_3
Lair:5:   layout_cave_pods, slime_altar_1, st_stairs_7
Lair:6:   guppyfry_lair_end_dragon, layout_layer_cave,
          hangedman_lair_tendril_chambers, gauntlet_entry_generic, basic_altar,
          minmay_lair_oklob_bushes, nicolae_lair_grove_arrangements,
          chequers_serial_rivers_small_a
Swamp:1:  layout_basic_swamp, evilmike_swamp_ruin_rubble_1
Swamp:2:  gammafunk_mikee_crab_dinner, layout_basic_swamp,
          lemuel_altar_in_water, uniq_roxanne
Swamp:3:  layout_basic_swamp, ebering_ghost_inner_flame,
          portal_ice_cave_entry_ice_statue_one, hangedman_swamp_pad,
          uniq_bai_suzhen
Swamp:4:  swamp_alternative, layout_basic_swamp, swamp_pool1, uniq_louise
Snake:1:  layout_chambers, ebering_ghost_gozag, minmay_shop_enchanted_jewellery,
          lemuel_fruit_tree, uniq_jorgrun, uniq_aizul
Snake:2:  layout_honeycomb, lemuel_oklob_altar
Snake:3:  layout_misc_corridors, serial_shops, shop,
          ebering_ghost_disaster_area, drop_trap, nrook_guardian_serpent_double,
          uniq_vashnia
Snake:4:  minmay_snake_end_coiled, layout_gridlike
Slime:1:  layout_caves
Slime:2:  layout_caves
Slime:3:  layout_caves
Slime:4:  layout_caves
Slime:5
Orc:1:    nicolae_orc_accident_3, layout_caves, uniq_josephine
Orc:2:    grunt_orc_tribal_feast, layout_caves
Elf:1:    layout_loops_cross, portal_desolation_entry_twin_temple,
          hangedman_elven_crosses_minicolossus, grunt_ministairs_13,
          minivault_23
Elf:2:    layout_geoelf_diagonals
Elf:3:    grunt_elf_hall_diamonds, layout_geoelf_grid, serial_shops,
          nicolae_shop_overgrown_old_shop, nicolae_shop_behind_doors,
          nicolae_shop_waterfront, shop, shop, basic_altar
Vaults:1: nicolae_vaults_network_quincunx
          [nicolae_vaults_network_quincunx_subvault,
          nicolae_vaults_network_quincunx_subvault,
          nicolae_vaults_network_quincunx_subvault,
          nicolae_vaults_network_quincunx_subvault,
          nicolae_vaults_network_quincunx_subvault],
          nicolae_vaults_network_square, nicolae_vaults_ninety_degrees,
          grunt_vaults_twisty, vaults_mumra_hexcomb,
          nicolae_vaults_little_squares_3, hangedman_vaults_river_flow,
          ontoclasm_vaults_ligature, nicolae_vaults_little_squares_4,
          vaults_dpeg_diagonal, vaults_dpeg_doors, vaults_room_pools,
          vaults_dpeg_encased_lava, layout_vaults_big_cross, uniq_donald
Vaults:2: v_pattern_3, v_misc_23, nicolae_vaults_diagonal_hallway_6, v_misc_4,
          nicolae_vaults_little_squares_3, st_eye, nicolae_vaults_specimen_jars,
          v_misc_27, v_misc_16, layout_vaults_chaotic_city, uniq_nikola
Vaults:3: v_rooms_2, minmay_crypt_entry_necro_gods, ontoclasm_vaults_tryst,
          vaults_dpeg_ring, v_misc_10, vaults_mumra_minichess,
          nicolae_vaults_hallways_thing, vaults_mumra_chevron, vaults_room_grid,
          layout_vaults_omnigrid, serial_shops, nicolae_shop_behind_doors,
          uniq_saint_roka
Vaults:4: vaults_room_hallway, nicolae_vaults_know_your_exits, v_rooms_4,
          vaults_mumra_minichess_inversion, nicolae_vaults_little_ls,
          nicolae_vaults_big_angled_halls, v_misc_26, v_misc_11, v_rooms_5,
          grunt_vaults_swirl, v_alt_pattern_1, v_misc_16, layout_vaults_maze
Vaults:5
Depths:1: layout_twisted_cross, hell_entry, hangedman_decor_riveting,
          rand_demon_pan_entry_7, kennysheep_another_room, drop_trap,
          kennysheep_dice, serial_bayou_shore_b

Skill      XL: |  1  2  3  4  5  6  7  8  9 10 11 12 13 14 15 16 17 18 19 20 21 22 23 24 |
---------------+-------------------------------------------------------------------------+-----
Axes           | 4 5 6 7 8 9 10 12 13 14 15 17 18 19 20 21 22 23 24 26 27 | 27.0
Shields        | 2 3 4 |  4.0
Armour         | 2 5 7 9 11 12 13 15 16 | 16.5
Fighting       | 4 7 9 11 13 15 16 17 18 19 20 21 22 | 22.8
Evocations     | 4 5 6 9 10 12 13 | 13.5
Dodging        | 5 9 11 13 14 15 16 | 16.1
Crossbows      | 8 12 15 18 20 | 20.9
Throwing       | |  2.0

Action                   |  1- 3 |  4- 6 |  7- 9 | 10-12 | 13-15 | 16-18 | 19-21 | 22-24 || total
-------------------------+-------+-------+-------+-------+-------+-------+-------+-------++-------
Melee: War axe           |    53 |   153 |   399 |       |       |       |       |       ||   605
       Headbutt          |     6 |    23 |    73 |   111 |   195 |   196 |   237 |   271 ||  1112
       Battleaxe         |       |       |     7 |   488 |   365 |       |       |       ||   860
       Executioner's axe |       |       |       |       |   435 |   911 |   981 |   827 ||  3154
       Broad axe         |       |       |       |       |       |    48 |       |       ||    48
 Fire: Arbalest          |       |       |       |       |       |       |    38 |    20 ||    58
Throw: Throwing net      |       |       |     3 |       |       |       |       |       ||     3
       Boomerang         |       |       |       |    10 |       |       |       |       ||    10
Invok: Lunge             |       |    13 |    33 |    51 |    50 |    89 |   107 |    64 ||   407
       Whirlwind         |       |     3 |    18 |    25 |    40 |    68 |    56 |    56 ||   266
       Serpent's Lash    |       |       |     1 |     6 |       |     2 |     1 |     1 ||    11
       Heavenly Storm    |       |       |       |     4 |       |     2 |     1 |     1 ||     8
 Abil: Wall Jump         |       |       |       |       |     1 |       |       |       ||     1
Evoke: Wand              |       |       |     5 |    16 |     3 |     8 |       |       ||    32
       Box of beasts     |       |       |       |       |     7 |     5 |       |     1 ||    13
       Phantom mirror    |       |       |       |       |     1 |     1 |     1 |     1 ||     4
       Condenser vane    |       |       |       |       |       |       |       |     1 ||     1
  Use: Scroll            |     1 |     4 |     1 |    22 |    19 |    23 |    17 |    19 ||   106
       Potion            |       |       |     5 |     9 |     5 |     5 |     1 |     7 ||    32
 Stab: Invisible         |       |       |       |     7 |       |       |       |       ||     7
       Petrified         |       |       |       |       |       |     1 |       |       ||     1
       Distracted        |       |       |       |       |       |       |     2 |     2 ||     4
Armor: Leather armour    |    12 |    31 |       |       |       |       |       |       ||    43
       Scale mail        |       |    14 |       |       |       |       |       |       ||    14
       Chain mail        |       |    14 |   169 |       |       |       |       |       ||   183
       Plate armour      |       |       |    30 |   273 |   491 |   716 |   426 |   323 ||  2259
       Gold dragon scale |       |       |       |       |       |       |       |   189 ||   189
Dodge: Dodged            |    54 |    71 |   150 |   264 |   365 |   649 |   476 |   486 ||  2515
Block: Buckler           |       |    11 |    79 |       |       |       |       |       ||    90
       Other             |       |       |       |    66 |   181 |   219 |    90 |       ||   556
       Reflection        |       |       |       |     7 |    12 |    23 |    19 |       ||    61

Table legend: (Time is in decaauts)
 A = Elapsed time spent in this place.
 B = Non-inter-level travel time spent in this place.
 C = Inter-level travel time spent in this place.
 D = Time resting spent in this place.
 E = Time spent auto-exploring this place.
 F = Levels seen in this place.
 G = Mean time per level.
                   A        B        C        D        E       F      G
               +--------+--------+--------+--------+--------+-----+--------+
         Total |  66646 |  62122 |   4524 |  13534 |  37813 |  52 | 1281.7 |
       Dungeon |  16757 |  14578 |   2179 |   1213 |  10873 |  15 | 1117.1 |
          Lair |   7720 |   7007 |    713 |    852 |   5257 |   6 | 1286.7 |
         Swamp |   5717 |   5505 |    212 |   1429 |   2959 |   4 | 1429.2 |
     Snake Pit |   7798 |   7609 |    189 |   1908 |   4692 |   4 | 1949.5 |
    Slime Pits |   1226 |   1209 |     17 |    503 |    257 |   5 |  245.2 |
  Orcish Mines |   4270 |   3988 |    282 |   2193 |   1174 |   2 | 2135.0 |
   Elven Halls |   5253 |   5037 |    216 |   1239 |   2925 |   3 | 1751.0 |
        Vaults |  12201 |  11497 |    704 |   2729 |   7010 |   5 | 2440.2 |
        Depths |     32 |     23 |      9 |      0 |      6 |   1 |   32.0 |
         Abyss |    216 |    216 |      0 |      0 |     76 |   1 |  216.0 |
         Sewer |    611 |    611 |      0 |      0 |    394 |   1 |  611.0 |
       Ossuary |    510 |    510 |      0 |      0 |    413 |   1 |  510.0 |
        Bailey |    355 |    355 |      0 |      0 |    160 |   1 |  355.0 |
      Ice Cave |   1293 |   1293 |      0 |    652 |    327 |   1 | 1293.0 |
    Desolation |   1435 |   1435 |      0 |    205 |    999 |   1 | 1435.0 |
      Gauntlet |   1242 |   1242 |      0 |    606 |    287 |   1 | 1242.0 |
               +--------+--------+--------+--------+--------+-----+--------+

Top non-repeatable levels by time:
Vaults:4: 3794 daAuts
 Snake:4: 2366 daAuts
   Orc:1: 2318 daAuts
Vaults:3: 2265 daAuts
Vaults:2: 2233 daAuts
 Snake:2: 2093 daAuts
    D:13: 2076 daAuts
   Elf:3: 1988 daAuts
Vaults:5: 1959 daAuts
   Orc:2: 1951 daAuts
Vaults:1: 1948 daAuts
  Lair:5: 1946 daAuts
 Swamp:2: 1940 daAuts
  Lair:2: 1856 daAuts
   Elf:2: 1796 daAuts
